 Dungeon Sprint DCSS version 0.21-a0-274-gc1afaeb (webtiles) character file.

1729 Kidiri the Eclecticist (level 8, -1/46 HPs)
             Began as a Deep Elf Fire Elementalist on Sept 19, 2017.
             Was a Priest of Vehumet.
             Killed from afar by Erolcha (22 damage)
             ... with a stone arrow
             ... in the Dungeon (Sprint III: "The Ten Rune Challenge").
             The game lasted 00:07:36 (1489 turns).

Kidiri the Eclecticist (Deep Elf Fire Elementalist) Turns: 1489, Time: 00:07:37

Health: -1/46      AC:  2    Str:  5    XL:     8   Next: 76%
Magic:  19/29      EV: 15    Int: 23    God:    Vehumet [***...]
Gold:   30         SH:  0    Dex: 15    Spells: 18/38 levels left

rFire    . . .     SeeInvis .   b - +1 dagger
rCold    . . .     Gourm    .   (no shield)
rNeg     . . .     Faith    .   a - +0 robe
rPois    .         Spirit   .   (no helmet)
rElec    .         Reflect  .   (no cloak)
rCorr    .         Harm     .   (no gloves)
MR       .....     Clarity  +   (no boots) Stlth ++........NoTele +
                                (no amulet)
HPRegen  0.15/turn              (no ring)
MPRegen  0.21/turn              (no ring)

@: no status effects
A: clarity, evolution 1
a: Renounce Religion


You were in the Dungeon.
You worshipped Vehumet.
Vehumet was most pleased with you.
You were not hungry.

You visited 1 branch You collected 30 gold pieces.

Inventory:

Hand Weapons
 b - a +1 dagger (weapon)
Armour
 a - a +0 robe (worn)
Wands
 j - a wand of lightning (2/15)
Scrolls
 i - a scroll of blinking
 n - a scroll of holy word {unknown}
 o - a scroll of identify {unknown}
 p - 2 scrolls of remove curse
 s - a scroll of torment {unknown}
Potions
 e - 2 potions of heal wounds
 f - a potion of haste
 g - 2 potions of magic
 h - a potion of berserk rage
 k - a potion of might
 m - a potion of mutation
 r - 4 potions of flight
Comestibles
 c - a bread ration
 q - 3 royal jellies


   Skills:
 + Level 3.3 Fighting
 + Level 4.2 Short Blades
 + Level 3.3 Armour
 + Level 5.5 Dodging
 - Level 2.4 Stealth
 * Level 15.6 Spellcasting
 + Level 9.7 Conjurations
 + Level 10.1 Fire Magic
 + Level 1.5 Ice Magic


You had 18 spell levels left.
You knew the following spells:

 Your Spells              Type           Power        Failure   Level  Hunger
a - Flame Tongue          Conj/Fire      #####        1%          1    None
b - Throw Flame           Conj/Fire      ######       1%          2    None
c - Conjure Flame         Conj/Fire      ######..     1%          3    None
d - Inner Flame           Hex/Fire       #####...     1%          3    None
e - Sticky Flame          Conj/Fire      ######..     1%          4    None
f - Fireball              Conj/Fire      ######....   1%          5    ##.....
g - Throw Frost           Conj/Ice       #####.       1%          2    None


Dungeon Overview and Level Annotations

Branches:
Dungeon (1/1)

Altars:
Cheibriados
Dithmenos
Elyvilon
Fedhas
Gozag
Hepliaklqana
Kikubaaqudgha
Makhleb
Nemelex Xobeh
Okawaru
Qazlal
Ru
Sif Muna
Trog
Uskayaw
Vehumet
Wu Jian
Xom
Yredelemnul
Zin
The Shining One
Beogh
Jiyva
Lugonu

Annotations:
D exclusion: door, Erolcha


Innate Abilities, Weirdness & Mutations

You possess an exceptional clarity of mind.
You evolve.


Message History

Erolcha casts a spell.
Erolcha flickers and vanishes!
Deactivating autopickup; reactivate with Ctrl-A.
The two-headed ogre is engulfed in blazing flames.
The two-headed ogre barely misses you.
The two-headed ogre hits you with a giant spiked club!!
Ouch! That really hurt!
Unknown command.
The two-headed ogre burns!
Unknown command.
Casting: Inner Flame
Confirm with . or Enter, or press ? or * to list all spells.
Aiming: Flame Tongue
Press: ? - help, Shift-Dir - straight line, f/p - two-headed ogre
Aim: a two-headed ogre, wielding two giant spiked clubs (moderately wounded, covered in liquid flames, inner flame)
The flame tongue hits something.
The two-headed ogre burns!
You hear some strange, mumbled words.
A stone arrow appears from out of thin air!
The stone arrow hits you!
You die...

__# %_# +## ..#
..# #'#
..#+##############
..#.)..#.#.#.....#
..##)#..#.##)###@#
..'##)#.#.##.#.§##
..#...#..#..##..
▓▓▓▓▓▓▓▓▓▓▓▓▓▓▓▓


There were no monsters in sight!

Vanquished Creatures
  A deep elf mage (D)
  A shadow (D)
  A spatial vortex (D)
  A necrophage (D)
  4 two-headed ogres (D)
  A water elemental (D)
  A scorpion (D)
  A jelly (D)
  A wizard (D)
  A necromancer (D)
  A kobold demonologist (D)
  3 humans (D)
  An ooze (D)
  3 rats (D)
21 creatures vanquished.

Vanquished Creatures (others)
  2 draconian scorchers (D)
  A hydra (D)
  6 hellions (D)
  2 yaktaurs (D)
  An electric eel (D)
  4 plants (D)
16 creatures vanquished.

Grand Total: 37 creatures vanquished

Notes
Turn   | Place    | Note
-------+----------+-------------------------------------------
     0 | D        | Kidiri the Deep Elf Fire Elementalist began the quest for the Orb.
     0 | D        | Reached XP level 1. HP: 10/10 MP: 6/6
     6 | D        | Reached skill level 4 in Spellcasting
    26 | D        | Killed a yaktaur
   100 | D        | Killed a hellion
   102 | D        | Noticed a scorpion
   104 | D        | Killed a hellion
   104 | D        | Killed a hellion
   105 | D        | Killed a hellion
   105 | D        | Killed a hellion
   120 | D        | Killed a scorpion
   120 | D        | Reached skill level 7 in Spellcasting
   120 | D        | Reached skill level 5 in Fire Magic
   120 | D        | Reached XP level 2. HP: 8/15 MP: 1/12
   120 | D        | Reached XP level 3. HP: 10/19 MP: 1/14
   145 | D        | Learned a level 2 spell: Throw Flame
   149 | D        | Learned a level 3 spell: Conjure Flame
   151 | D        | Killed a hellion
   153 | D        | Learned a level 3 spell: Inner Flame
   153 | D        | Gained mutation: Your mind is acute. (Int +2) [potion of mutation]
   153 | D        | Gained mutation: You are resistant to hostile enchantments. (MR+) [potion of mutation]
   153 | D        | Gained mutation: You have large cloven feet. [potion of mutation]
   154 | D        | Lost mutation: You are resistant to hostile enchantments. (MR+) [potion of mutation]
   154 | D        | Lost mutation: You have large cloven feet. [potion of mutation]
   154 | D        | Gained mutation: You are resistant to hostile enchantments. (MR+) [potion of mutation]
   154 | D        | Gained mutation: You have sharp fingernails. [potion of mutation]
   155 | D        | Lost mutation: Your mind is acute. (Int +2) [potion of mutation]
   155 | D        | Lost mutation: You are resistant to hostile enchantments. (MR+) [potion of mutation]
   155 | D        | Lost mutation: You have sharp fingernails. [potion of mutation]
   155 | D        | Gained mutation: You evolve. [potion of mutation]
   155 | D        | Gained mutation: You possess an exceptional clarity of mind. [potion of mutation]
   205 | D        | Killed a white draconian scorcher
   235 | D        | Killed a white draconian scorcher
   371 | D        | Reached skill level 8 in Spellcasting
   371 | D        | Reached XP level 4. HP: 24/24 MP: 6/16
   377 | D        | Learned a level 4 spell: Sticky Flame
   435 | D        | Noticed a water elemental
   436 | D        | Killed a water elemental
   436 | D        | Reached skill level 9 in Spellcasting
   436 | D        | Reached skill level 5 in Conjurations
   467 | D        | Found a radiant altar of Vehumet.
   468 | D        | Found a deep blue altar of Sif Muna.
   468 | D        | Found an ancient bone altar of Kikubaaqudgha.
   468 | D        | Noticed a wizard
   469 | D        | Killed a wizard
   469 | D        | Reached skill level 10 in Spellcasting
   469 | D        | Reached XP level 5. HP: 28/28 MP: 13/19
   482 | D        | Killed a seven-headed hydra
   483 | D        | Learned a level 5 spell: Fireball
   489 | D        | Became a worshipper of Vehumet
   549 | D        | Found a glowing silver altar of Zin.
   550 | D        | Found a glowing golden altar of the Shining One.
   550 | D        | Found a white marble altar of Elyvilon.
   550 | D        | Noticed a deep elf mage
   558 | D        | Killed a deep elf mage
   558 | D        | Reached skill level 13 in Spellcasting
   558 | D        | Reached XP level 6. HP: 27/32 MP: 14/24
   558 | D        | Reached XP level 7. HP: 30/36 MP: 15/26
   609 | D        | Found an ornate altar of the Wu Jian Council.
   609 | D        | Found a roughly hewn altar of Beogh.
   609 | D        | Found an iron altar of Okawaru.
   609 | D        | Found a bloodstained altar of Trog.
   609 | D        | Found a hide-covered altar of Uskayaw.
   609 | D        | Noticed a human
   611 | D        | Noticed a human
   616 | D        | Killed a human
   616 | D        | Reached skill level 1 in Fighting
   616 | D        | Reached skill level 1 in Short Blades
   616 | D        | Reached skill level 1 in Armour
   616 | D        | Reached skill level 14 in Spellcasting
   623 | D        | Killed a human
   623 | D        | Reached * piety under Vehumet
   623 | D        | Offered knowledge of Sandblast by Vehumet.
   628 | D        | HP: 1/39 [poisoned by a human]
   876 | D        | Found a basalt altar of Yredelemnul.
   876 | D        | Found a shadowy altar of Dithmenos.
   876 | D        | Found a sacrificial altar of Ru.
   927 | D        | Reached ** piety under Vehumet
   927 | D        | Offered knowledge of Freeze by Vehumet.
   928 | D        | Noticed a shadow
   933 | D        | Killed a shadow
   933 | D        | Reached XP level 8. HP: 45/45 MP: 18/28
   983 | D        | Found a blossoming altar of Fedhas.
   983 | D        | Found a stormy altar of Qazlal.
   983 | D        | Found a snail-covered altar of Cheibriados.
   983 | D        | Found a burning altar of Makhleb.
   983 | D        | Found a shimmering altar of Xom.
   984 | D        | Found a hazy altar of Hepliaklqana.
   984 | D        | Found an opulent altar of Gozag.
   984 | D        | Found a sparkling altar of Nemelex Xobeh.
   984 | D        | Found a corrupted altar of Lugonu.
   984 | D        | Found a viscous altar of Jiyva.
  1003 | D        | Reached skill level 15 in Spellcasting
  1095 | D        | Offered knowledge of Throw Frost by Vehumet.
  1099 | D        | Reached *** piety under Vehumet
  1099 | D        | Reached skill level 5 in Dodging
  1099 | D        | Reached skill level 10 in Fire Magic
  1103 | D        | Learned a level 2 spell: Throw Frost
  1212 | D        | Noticed a two-headed ogre
  1218 | D        | Killed a two-headed ogre
  1218 | D        | Offered knowledge of Iskenderun's Mystic Blast by Vehumet.
  1218 | D        | Reached skill level 1 in Ice Magic
  1342 | D        | Killed a yaktaur
  1483 | D        | Noticed a two-headed ogre
  1483 | D        | Noticed Erolcha
  1489 | D        | Killed from afar by Erolcha

Vault maps used:
D:        dungeon_sprint_mu

Skill      XL: |  1  2  3  4  5  6  7  8 |
---------------+-------------------------+-----
Spellcasting   | 7 8 10 13 14 15 | 15.6
Conjurations   | 4 5 8 9 |  9.7
Fire Magic     | 5 6 9 10 | 10.1
Fighting       | 2 3 |  3.3
Short Blades   | 3 4 |  4.2
Armour         | 2 3 |  3.3
Dodging        | 4 5 |  5.5
Ice Magic      | 1 |  1.5
Stealth        | |  2.4

Action                   |  1- 3 |  4- 6 |  7- 9 || total
-------------------------+-------+-------+-------++-------
Melee: Dagger            |       |     1 |       ||     1
 Cast: Flame Tongue      |    18 |     3 |    53 ||    74
       Throw Flame       |     2 |       |       ||     2
       Sticky Flame      |       |     3 |     4 ||     7
       Conjure Flame     |       |     1 |     6 ||     7
       Inner Flame       |       |       |     6 ||     6
  Use: Potion            |     3 |       |     1 ||     4
       Scroll            |     1 |     2 |       ||     3
 Stab: Sleeping          |       |     1 |       ||     1
  Eat: Chunk             |       |       |     2 ||     2
Dodge: Dodged            |     3 |     1 |     4 ||     8

Table legend:
 A = Spawn XP
 B = Non-spawn XP
 C = Spawn XP percentage of total XP
 D = Spawn monster count
 E = Non-spawn monster count
 F = Spawn count percentage of total count
 G = Total turns spent on level
                    A         B        C        D         E        F      G
               +---------+---------+-------+---------+---------+-------+---------
         Total |       0 |    2471 |   0.0 |       0 |      21 |   0.0 |  1489
               +---------+---------+-------+---------+---------+-------+---------
             D |       0 |    2471 |   0.0 |       0 |      21 |   0.0 |  1489
               +---------+---------+-------+---------+---------+-------+---------
